 Dungeon Crawl Stone Soup version 0.30-a0-169-g06f667207d (webtiles) character file.

Game seed: 16992911711374897417

10010 qw the Cleaver (level 11, -6/71 HPs)
             Began as a Gargoyle Fighter on Sept 30, 2022.
             Was a High Priest of Okawaru.
             Mangled by a tengu warrior
             ... wielding a +0 dire flail
              (8 damage)
             ... on level 10 of the Dungeon.
             The game lasted 00:04:04 (11104 turns).

qw the Cleaver (Gargoyle Fighter)                  Turns: 11104, Time: 00:04:04

Health: -6/71      AC: 28    Str: 21    XL:     11   Next: 55%
Magic:  13/17      EV:  9    Int: 10    God:    Okawaru [*****.]
Gold:   641        SH:  6    Dex:  9    Spells: 10/10 levels left

rFire   + . .      SeeInvis .    Y - +1 war axe (vorpal)
rCold   + . .      Faith    .    c - +0 buckler
rNeg    + . .      Spirit   .    e - +0 chain mail
rPois   inf        Reflect  .    a - +0 helmet
rElec   +          Harm     .    h - +0 cloak
rCorr   .          Rampage  .    p - +0 pair of gloves
Will    .....                    i - +2 pair of boots of the Stars {Slay+3}
Stlth   ..........               (no amulet)
HPRegen 0.21/turn                g - ring of protection from fire
MPRegen 0.15/turn                s - ring of protection from cold

@: about to teleport, heroic, finesse-ful
A: sickness immunity, AC +8, negative energy resistance 1, electricity
resistance, torment resistance 1, petrification resistance, weak 1
a: Renounce Religion, Heroism, Finesse, Duel


You were on level 10 of the Dungeon.
You worshipped Okawaru.
Okawaru was extremely pleased with you.
You visited 2 branches of the dungeon, and saw 11 of its levels.

You collected 641 gold pieces.


Innate Abilities, Weirdness & Mutations

You are immune to sickness and miasma.
Your stone body is resilient. (AC +8)
You are immune to poison.
You resist negative energy. (rN+)
You are resistant to electric shocks. (rElec)
You are resistant to unholy torment.
You are immune to petrification.
You are weak. (Str -2)


   Skills:
 - Level 9.1(14.1) Fighting
 - Level 11.0(16.0) Axes
 - Level 1.2(6.2) Throwing
 + Level 7.0(12.0) Armour
 - Level 1.0(6.0) Dodging
 - Level 5.0(10.0) Shields
 + Level 9.2 Invocations


You had 10 spell levels left.
You didn't know any spells.
Your spell library was empty.

Inventory:

Hand Weapons
 x - the +10 flail of Waappuw {holy, SInv}
   (You found it on level 9 of the Dungeon)

   It has been blessed by the Shining One to cause great damage to the undead
   and demons.
   SInv:      It lets you see invisible.
 Y - a +1 vorpal war axe (weapon)
Missiles
 l - 3 boomerangs (quivered)
Armour
 a - a +0 helmet (worn)
 c - a +0 buckler (worn)
 e - a +0 chain mail (worn)
 h - a +0 cloak (worn)
 i - the +2 pair of boots of the Stars (worn) {Slay+3}
   (You found it on level 2 of the Dungeon)

   Slay:      It affects your accuracy & damage with ranged weapons and melee
   (+3).
 n - the +3 hat of Pondering {ponderous, Will+ MP+10 Int+5}
   (You took it off Gastronok on level 8 of the Dungeon)

   Int:       It affects your intelligence (+5).
   MP:        It affects your magic capacity (+10).
   Will:      It increases your willpower.
 p - a +0 pair of gloves (worn)
 y - a +2 scale mail of cold resistance
Jewellery
 b - a ring of positive energy
 g - a ring of protection from fire (left hand)
 o - a ring of positive energy
 s - a ring of protection from cold (right hand)
Scrolls
 q - 2 scrolls of identify
 r - a scroll of amnesia {unknown}
 v - 2 scrolls of teleportation
Potions
 d - 4 potions of might
 f - 2 potions of mutation
 j - 6 potions of curing
 k - 2 potions of heal wounds
 m - a potion of attraction
 t - a potion of magic
 w - a potion of haste

Dungeon Overview and Level Annotations

Branches:
Dungeon (10/15)            Temple (1/1) D:4
   Lair: D:8-11         Orc: D:9-12

Altars:
Ashenzari
Cheibriados
Dithmenos
Elyvilon
Fedhas
Gozag
Hepliaklqana
Kikubaaqudgha
Makhleb
Nemelex Xobeh
Okawaru
Qazlal
Ru
Sif Muna
Trog
Uskayaw
Vehumet
Wu Jian
Xom
Yredelemnul
Zin
The Shining One

Shops:
D:1 *

Annotations:
D:8 4 transporters, Amaemon
D:9 1 transporter


Message History

Items here: %% ) [.
You hit the boulder beetle but do no damage.
You barely miss the tengu warrior.
You hit the centaur warrior but do no damage.
You slash the boulder beetle!
The boulder beetle is lightly wounded.
You completely miss the tengu warrior.
You completely miss the centaur warrior.
The centaur warrior hits you but does no damage.
The centaur warrior kicks you but does no damage.
You block the tengu warrior's attack. The tengu warrior closely misses you.
The tengu warrior claws you.
You hit the boulder beetle but do no damage.
The boulder beetle is lightly wounded.
You closely miss the centaur warrior. You slice the tengu warrior!!
The boulder beetle closely misses you.
You hit the tengu warrior.
The tengu warrior is heavily wounded.
You hit the centaur warrior.
You hit the boulder beetle but do no damage.
The centaur warrior hits you. You block the centaur warrior's attack.
You block the tengu warrior's attack.
The tengu warrior completely misses you.
You block the tengu warrior's attack.
You barely miss the tengu warrior.
The tengu warrior is heavily wounded.
You hit the centaur warrior but do no damage.
You slash the boulder beetle! The centaur warrior misses you.
You block the centaur warrior's attack.
You slash the tengu warrior!
The tengu warrior is severely wounded.
You barely miss the centaur warrior.
You hit the boulder beetle but do no damage.
The boulder beetle bites you!
11104 ||| READING 3 scrolls of teleportation.
As you read the scroll of teleportation, it crumbles to dust.
You feel strangely unstable. The centaur warrior hits you!
The centaur warrior closely misses you.
The tengu warrior hits you with a +0 dire flail!
You die...

#....##.#####.## #..# #
#######...##.##$ [##.##
..# ..(.......#.##..
..##.#..# ..........#.#$..
..$#.#.#
........#...#)?$#.?|#..#
........#.#.#!.....$#.#.#
........#.#.##..W..##.#.O#
........#.##. #BcQ##.##
..# ....... ... #.##@##.##
#..# ####.## ##. #.....##
#..# .# # ###.### ##. ....
...... ..####### .


You could see a boulder beetle, a tengu warrior, a centaur warrior and a
freezing wraith.

Vanquished Creatures
  Gastronok (D:8)
  A hydra (D:10)
  An orc knight (D:10)
  2 manticores (D:10)
  Maggie (D:6)
  An unseen horror (D:10)
  2 kobold demonologists (D:10)
  2 trolls (D:10)
  A hornet (D:10)
  Sigmund (D:3)
  4 yaks (D:10)
  2 wraiths
  A steam dragon (D:8)
  Grum (D:8)
  Menkaure (D:6)
  An acid dragon (D:10)
  Duvessa (D:6)
  2 water moccasins
  2 sky beasts
  2 ice beasts
  An ogre (D:7)
  4 wolves (D:8)
  5 centaurs
  2 phantoms (D:5)
  2 kobold brigands (D:10)
  4 bullfrogs
  A gnoll sergeant (D:7)
  5 wights (D:9)
  Dowan (D:6)
  9 killer bees
  An electric eel (D:9)
  6 howler monkeys
  A lava snake (D:9)
  A hound (D:6)
  6 orc priests
  2 jellies
  Jessica (D:3)
  Terence (D:2)
  3 iguanas (D:5)
  9 orc wizards
  10 gnolls
  11 adders
  A shadow imp (D:6)
  A white imp (D:7)
  2 worms
  2 dart slugs
  41 orcs
  9 ball pythons
  4 bats
  8 endoplasms
  4 giant cockroaches
  10 goblins
  11 hobgoblins
  4 jackals (D:3)
  14 kobolds
  5 quokkas
  5 frilled lizards
  2 rats (D:3)
239 creatures vanquished.

Vanquished Creatures (others)
  28 plants (D:2)
28 creatures vanquished.

Grand Total: 267 creatures vanquished

Notes
Turn   | Place    | Note
-------+----------+-------------------------------------------
     0 | D:1      | qw the Gargoyle Fighter began the quest for the Orb.
     0 | D:1      | Reached XP level 1. HP: 14/14 MP: 1/1
     0 | D:1      | 0 ||| qw: Version: 0.2-a-12-gaebbb33
     0 | D:1      | 0 ||| qw: Game counter: 1365
     0 | D:1      | 0 ||| qw: Always use a shield: true
     0 | D:1      | 0 ||| qw: God list: Okawaru
     0 | D:1      | 0 ||| qw: Allow faded altars: false
     0 | D:1      | 0 ||| qw: Do Orc after D:15 true
     0 | D:1      | 0 ||| qw: Do second Lair branch before Depths: true
     0 | D:1      | 0 ||| qw: Lair rune preference: random
     0 | D:1      | 0 ||| qw: Plans: Normal, Zot:1-4, God:TSO, Crypt, Tomb,
                  | Pan, Slime:5, Hells, Abyss, Orb
     0 | D:1      | 0 ||| PLANNING D:1-11
   132 | D:1      | Reached skill level 2 in Axes
   502 | D:1      | Reached XP level 2. HP: 18/19 MP: 2/2
   523 | D:1      | Found Ucibu's General Store.
   536 | D:1      | 536 ||| SHOPLISTING +0 chain mail (63 gold, have 7).
   536 | D:1      | 536 ||| SHOPLISTING +0 pair of gloves (63 gold, have 7).
   536 | D:1      | 536 ||| SHOPLISTING scroll of brand weapon (133 gold, have
                  | 7).
   628 | D:1      | Found a faded altar of an unknown god.
   652 | D:1      | 652 ||| Stepping ~*~*~tactically~*~*~ (stealth).
   811 | D:1      | 811 ||| DROPPING +0 club.
   913 | D:1      | 913 ||| Stepping ~*~*~tactically~*~*~ (stealth).
   957 | D:1      | 957 ||| UPGRADING to +0 cloak.
   962 | D:1      | 962 ||| UPGRADING to ring of protection from fire.
   963 | D:1      | 963 ||| READING scroll labelled GELOODDASS.
   964 | D:1      | 964 ||| READING scroll labelled KUWIK UWIUCAG.
   967 | D:1      | 967 ||| DRINKING 2 fizzy blue potions.
   968 | D:1      | 968 ||| DRINKING 2 sedimented pink potions.
  1023 | D:2      | Reached skill level 3 in Axes
  1023 | D:2      | Reached XP level 3. HP: 23/23 MP: 3/3
  1132 | D:2      | 1132 ||| Stepping ~*~*~tactically~*~*~ (stealth).
  1246 | D:2      | Identified the +2 pair of boots of the Stars {Slay+3}
  1346 | D:2      | Identified the +2 robe of Xyhuhivy {Fly rC+ Int+3}
  1435 | D:2      | 1435 ||| Stepping ~*~*~tactically~*~*~ (stealth).
  1472 | D:2      | Reached XP level 4. HP: 24/28 MP: 4/4
  1475 | D:2      | Reached skill level 4 in Axes
  1780 | D:2      | Noticed Terence
  1781 | D:2      | 1781 ||| Stepping ~*~*~tactically~*~*~ (stealth).
  1791 | D:2      | HP: 2/28 [Terence/+0 flail (7)]
  1792 | D:2      | Killed Terence
  1954 | D:2      | 1954 ||| FLEEEEING.
  1955 | D:2      | 1955 ||| FLEEEEING.
  1959 | D:2      | 1959 ||| STAIRDANCE
  2079 | D:1      | 2079 ||| UPGRADING to +2 pair of boots of the Stars
                  | {Slay+3}.
  2084 | D:1      | 2084 ||| UPGRADING to +2 robe of Xyhuhivy {Fly rC+ Int+3}.
  2094 | D:1      | 2094 ||| UPGRADING to +0 pair of gloves.
  2141 | D:1      | 2141 ||| READING scroll labelled BUADWOG LEARO.
  2142 | D:1      | 2142 ||| READING scroll labelled GUOPPI VYAW.
  2238 | D:2      | 2238 ||| DROPPING +0 mace.
  2263 | D:2      | 2263 ||| Stepping ~*~*~tactically~*~*~ (hiding).
  2365 | D:2      | 2365 ||| Stepping ~*~*~tactically~*~*~ (hiding).
  2556 | D:2      | 2556 ||| DROPPING +0 scale mail.
  2557 | D:2      | 2557 ||| UPGRADING to +0 chain mail.
  2611 | D:3      | Noticed Sigmund
  2625 | D:3      | Killed Sigmund
  2626 | D:3      | Reached skill level 5 in Axes
  2626 | D:3      | Reached XP level 5. HP: 31/32 MP: 5/5
  2626 | D:3      | Reached XP level 6. HP: 36/37 MP: 6/6
  2736 | D:3      | Found a blossoming altar of Fedhas.
  2771 | D:3      | 2771 ||| Stepping ~*~*~tactically~*~*~ (hiding).
  3008 | D:3      | 3008 ||| FLEEEEING.
  3009 | D:3      | 3009 ||| FLEEEEING.
  3010 | D:3      | 3010 ||| FLEEEEING.
  3011 | D:3      | 3011 ||| FLEEEEING.
  3012 | D:3      | 3012 ||| FLEEEEING.
  3013 | D:3      | 3013 ||| FLEEEEING.
  3014 | D:3      | 3014 ||| FLEEEEING.
  3015 | D:3      | 3015 ||| FLEEEEING.
  3098 | D:3      | Noticed Jessica
  3101 | D:3      | 3101 ||| Stepping ~*~*~tactically~*~*~ (hiding).
  3107 | D:3      | Killed Jessica
  3273 | D:3      | 3273 ||| UPGRADING to ring of positive energy.
  3274 | D:3      | 3274 ||| UPGRADING to ring of protection from cold.
  3276 | D:3      | 3276 ||| READING scroll labelled AHASSI DAMUR.
  3277 | D:3      | 3277 ||| DRINKING 2 golden potions.
  3277 | D:3      | Gained mutation: You are weak. (Str -2) [potion of
                  | mutation]
  3278 | D:3      | 3278 ||| READING 4 scrolls of identify.
  3278 | D:3      | 3278 ||| IDENTIFYING red potion
  3279 | D:3      | 3279 ||| READING 3 scrolls of identify.
  3279 | D:3      | 3279 ||| IDENTIFYING fuming brown potion
  3280 | D:3      | 3280 ||| READING 2 scrolls of identify.
  3280 | D:3      | 3280 ||| IDENTIFYING brown potion
  3281 | D:3      | 3281 ||| DROPPING potion of berserk rage.
  3282 | D:3      | 3282 ||| DROPPING potion of flight.
  3356 | D:4      | Found a sacrificial altar of Ru.
  3358 | D:4      | 3358 ||| STAIRDANCE
  3384 | D:4      | 3384 ||| Stepping ~*~*~tactically~*~*~ (stealth).
  3385 | D:4      | 3385 ||| Stepping ~*~*~tactically~*~*~ (stealth).
  3423 | D:4      | 3423 ||| Stepping ~*~*~tactically~*~*~ (stealth).
  3475 | D:4      | Noticed an ice beast
  3485 | D:4      | Killed an ice beast
  3486 | D:4      | Reached skill level 6 in Axes
  3486 | D:4      | Reached XP level 7. HP: 43/43 MP: 7/7
  3487 | D:4      | 3487 ||| Stepping ~*~*~tactically~*~*~ (stealth).
  3542 | D:4      | 3542 ||| Stepping ~*~*~tactically~*~*~ (stealth).
  3552 | D:4      | 3552 ||| Stepping ~*~*~tactically~*~*~ (stealth).
  3554 | D:4      | 3554 ||| Stepping ~*~*~tactically~*~*~ (stealth).
  3587 | D:4      | Found a staircase to the Ecumenical Temple.
  3588 | D:4      | 3588 ||| PLANNING TEMPLE
  3588 | D:4      | 3588 ||| FLEEEEING.
  3589 | D:4      | 3589 ||| FLEEEEING.
  3593 | D:4      | 3593 ||| FLEEEEING.
  3595 | D:4      | 3595 ||| FLEEEEING.
  3600 | D:4      | 3600 ||| FLEEEEING.
  3601 | D:4      | 3601 ||| FLEEEEING.
  3602 | D:4      | 3602 ||| FLEEEEING.
  3603 | D:4      | 3603 ||| FLEEEEING.
  3605 | D:4      | 3605 ||| FLEEEEING.
  3606 | D:4      | 3606 ||| FLEEEEING.
  3612 | D:4      | 3612 ||| FLEEEEING.
  3613 | D:4      | 3613 ||| FLEEEEING.
  3614 | D:4      | 3614 ||| FLEEEEING.
  3615 | D:4      | 3615 ||| FLEEEEING.
  3617 | D:4      | 3617 ||| STAIRDANCE
  3619 | D:3      | 3619 ||| READING scroll labelled IMIPSA WAYTA.
  3620 | D:3      | 3620 ||| DRINKING 2 yellow potions.
  3621 | D:3      | 3621 ||| DROPPING potion of degeneration.
  3624 | D:4      | 3624 ||| STAIRDANCE
  3691 | D:4      | 3691 ||| STAIRDANCE
  3695 | D:4      | 3695 ||| STAIRDANCE
  3701 | D:4      | 3701 ||| STAIRDANCE
  3743 | Temple   | Entered the Ecumenical Temple
  3905 | Temple   | 3905 ||| PLANNING OKAWARU WORSHIP
  3908 | Temple   | Became a worshipper of Warmaster Okawaru
  3909 | Temple   | 3909 ||| PLANNING D:1-11
  4235 | D:4      | 4235 ||| UPGRADING to +0 helmet.
  4257 | D:5      | Entered Level 5 of the Dungeon
  4337 | D:5      | 4337 ||| FLEEEEING.
  4338 | D:5      | 4338 ||| FLEEEEING.
  4339 | D:5      | 4339 ||| FLEEEEING.
  4340 | D:5      | 4340 ||| FLEEEEING.
  4341 | D:5      | 4341 ||| FLEEEEING.
  4342 | D:5      | 4342 ||| FLEEEEING.
  4343 | D:5      | 4343 ||| FLEEEEING.
  4348 | D:5      | 4348 ||| FLEEEEING.
  4353 | D:5      | 4353 ||| FLEEEEING.
  4354 | D:5      | 4354 ||| FLEEEEING.
  4434 | D:5      | 4434 ||| Stepping ~*~*~tactically~*~*~ (hiding).
  4443 | D:5      | Reached skill level 7 in Axes
  4660 | D:5      | 4660 ||| Stepping ~*~*~tactically~*~*~ (stealth).
  4682 | D:5      | Reached * piety under Okawaru
  4737 | D:5      | 4737 ||| Stepping ~*~*~tactically~*~*~ (stealth).
  4738 | D:5      | 4738 ||| Stepping ~*~*~tactically~*~*~ (stealth).
  4740 | D:5      | 4740 ||| INVOKING Heroism.
  4744 | D:5      | Reached XP level 8. HP: 49/49 MP: 5/8
  4754 | D:5      | 4754 ||| FLEEEEING.
  4755 | D:5      | 4755 ||| FLEEEEING.
  4756 | D:5      | 4756 ||| FLEEEEING.
  4757 | D:5      | 4757 ||| FLEEEEING.
  4758 | D:5      | 4758 ||| FLEEEEING.
  4759 | D:5      | 4759 ||| FLEEEEING.
  4788 | D:5      | Reached skill level 1 in Throwing
  4788 | D:5      | Reached skill level 1 in Invocations
  4788 | D:5      | 4788 ||| FLEEEEING.
  4789 | D:5      | 4789 ||| FLEEEEING.
  4790 | D:5      | 4790 ||| FLEEEEING.
  4791 | D:5      | 4791 ||| FLEEEEING.
  4792 | D:5      | 4792 ||| FLEEEEING.
  4793 | D:5      | 4793 ||| FLEEEEING.
  4797 | D:5      | 4797 ||| STAIRDANCE
  4862 | D:4      | 4862 ||| READING scroll labelled UTTAER FALOLU.
  4893 | D:5      | 4893 ||| INVOKING Heroism.
  4901 | D:5      | 4901 ||| DRINKING 7 potions of curing.
  4901 | D:5      | 4901 ||| (to cure confusion)
  4908 | D:5      | Reached skill level 1 in Dodging
  5023 | D:5      | Reached skill level 3 in Invocations
  5217 | D:5      | 5217 ||| DROPPING orb of light.
  5218 | D:5      | 5218 ||| READING 2 scrolls of identify.
  5218 | D:5      | 5218 ||| IDENTIFYING metallic amethyst potion
  5219 | D:5      | 5219 ||| DROPPING potion of invisibility.
  5338 | D:6      | 5338 ||| Stepping ~*~*~tactically~*~*~ (hiding).
  5360 | D:6      | 5360 ||| Stepping ~*~*~tactically~*~*~ (hiding).
  5364 | D:6      | 5364 ||| INVOKING Heroism.
  5418 | D:6      | Noticed Dowan
  5418 | D:6      | Noticed Menkaure
  5419 | D:6      | 5419 ||| Stepping ~*~*~tactically~*~*~ (hiding).
  5423 | D:6      | 5423 ||| INVOKING Heroism.
  5424 | D:6      | Noticed Duvessa
  5427 | D:6      | Killed Dowan
  5429 | D:6      | Killed Duvessa
  5433 | D:6      | Killed Menkaure
  5434 | D:6      | Reached skill level 8 in Axes
  5513 | D:6      | Noticed Maggie
  5514 | D:6      | 5514 ||| Stepping ~*~*~tactically~*~*~ (hiding).
  5517 | D:6      | 5517 ||| Stepping ~*~*~tactically~*~*~ (hiding).
  5524 | D:6      | 5524 ||| INVOKING Heroism.
  5533 | D:6      | Killed Maggie
  5533 | D:6      | Reached ** piety under Okawaru
  5534 | D:6      | Reached skill level 6 in Armour
  5534 | D:6      | Reached XP level 9. HP: 25/54 MP: 10/12
  5565 | D:6      | 5565 ||| FLEEEEING.
  5845 | D:6      | 5845 ||| DRINKING 6 potions of curing.
  5845 | D:6      | 5845 ||| (to cure confusion)
  5847 | D:6      | 5847 ||| INVOKING Heroism.
  5977 | D:6      | Found a faded altar of an unknown god.
  5977 | D:6      | Found a shadowy altar of Dithmenos.
  5983 | D:6      | Found a radiant altar of Vehumet.
  5985 | D:6      | Found a basalt altar of Yredelemnul.
  5987 | D:6      | Found a faded altar of an unknown god.
  6038 | D:6      | 6038 ||| Stepping ~*~*~tactically~*~*~ (hiding).
  6041 | D:6      | 6041 ||| INVOKING Heroism.
  6049 | D:6      | Reached skill level 6 in Fighting
  6168 | D:6      | 6168 ||| READING scroll labelled PUEROI BEOGIO.
  6169 | D:6      | 6169 ||| READING scroll labelled ZOARRE WEPLUS.
  6335 | D:7      | 6335 ||| Stepping ~*~*~tactically~*~*~ (hiding).
  6372 | D:7      | 6372 ||| Stepping ~*~*~tactically~*~*~ (stealth).
  6373 | D:7      | 6373 ||| Stepping ~*~*~tactically~*~*~ (stealth).
  6379 | D:7      | 6379 ||| Stepping ~*~*~tactically~*~*~ (stealth).
  6380 | D:7      | 6380 ||| Stepping ~*~*~tactically~*~*~ (hiding).
  6381 | D:7      | 6381 ||| Stepping ~*~*~tactically~*~*~ (hiding).
  6563 | D:7      | 6563 ||| INVOKING Heroism.
  6571 | D:7      | Reached skill level 9 in Axes
  6579 | D:7      | Reached *** piety under Okawaru
  6584 | D:7      | 6584 ||| INVOKING Heroism.
  6985 | D:7      | 6985 ||| INVOKING Heroism.
  7064 | D:7      | 7064 ||| INVOKING Heroism.
  7608 | D:7      | 7608 ||| READING 2 scrolls labelled UGUNIVVIMN.
  7609 | D:7      | 7609 ||| READING 2 scrolls of identify.
  7609 | D:7      | 7609 ||| IDENTIFYING metallic yellow potion
  7610 | D:7      | 7610 ||| DROPPING scroll of blinking.
  7611 | D:7      | 7611 ||| DROPPING potion of brilliance.
  7627 | D:8      | 7627 ||| STAIRDANCE
  7630 | D:8      | Noticed Gastronok
  7631 | D:8      | 7631 ||| STAIRDANCE
  7643 | D:8      | 7643 ||| STAIRDANCE
  7648 | D:8      | 7648 ||| STAIRDANCE
  7752 | D:8      | 7752 ||| INVOKING Heroism.
  7765 | D:8      | HP: 5/57 [Gastronok (11)]
  7766 | D:8      | 7766 ||| READING 4 scrolls of teleportation.
  7767 | D:8      | 7767 ||| DRINKING 4 potions of heal wounds.
  7770 | D:8      | Killed Gastronok
  7770 | D:8      | Reached **** piety under Okawaru
  7771 | D:8      | Reached skill level 10 in Axes
  7771 | D:8      | Reached XP level 10. HP: 40/63 MP: 13/13
  7931 | D:8      | Found a transporter.
  7932 | D:8      | Noticed an orange demon
  7933 | D:8      | Found a transporter.
  7933 | D:8      | Noticed Amaemon
  7953 | D:8      | Noticed Grum
  7954 | D:8      | 7954 ||| Stepping ~*~*~tactically~*~*~ (hiding).
  7960 | D:8      | 7960 ||| Stepping ~*~*~tactically~*~*~ (stealth).
  7962 | D:8      | 7962 ||| INVOKING Heroism.
  7967 | D:8      | Killed Grum
  7977 | D:8      | HP: 15/63 [steam dragon (6)]
  7978 | D:8      | 7978 ||| READING 3 scrolls of teleportation.
  7979 | D:8      | 7979 ||| DRINKING 3 potions of heal wounds.
  8203 | D:8      | 8203 ||| Stepping ~*~*~tactically~*~*~ (stealth).
  8204 | D:8      | 8204 ||| Stepping ~*~*~tactically~*~*~ (stealth).
  8206 | D:8      | 8206 ||| Stepping ~*~*~tactically~*~*~ (hiding).
  8207 | D:8      | 8207 ||| Stepping ~*~*~tactically~*~*~ (stealth).
  8208 | D:8      | 8208 ||| Stepping ~*~*~tactically~*~*~ (hiding).
  8278 | D:8      | 8278 ||| STAIRDANCE
  8330 | D:7      | 8330 ||| DRINKING 2 amethyst potions.
  8448 | D:8      | Found a transporter.
  8494 | D:8      | Found a transporter.
  8681 | D:9      | Identified the +10 flail of Waappuw {holy, SInv}
  8683 | D:9      | 8683 ||| DROPPING +0 flail.
  8751 | D:9      | Found a transporter.
  8809 | D:9      | 8809 ||| INVOKING Heroism.
  8828 | D:9      | 8828 ||| FLEEEEING.
  8829 | D:9      | 8829 ||| FLEEEEING.
  8908 | D:9      | 8908 ||| Stepping ~*~*~tactically~*~*~ (hiding).
  8918 | D:9      | 8918 ||| INVOKING Heroism.
  9205 | D:9      | 9205 ||| Stepping ~*~*~tactically~*~*~ (stealth).
  9209 | D:9      | 9209 ||| INVOKING Heroism.
  9214 | D:9      | Found a flagged portal.
  9390 | D:9      | Reached skill level 6 in Invocations
  9391 | D:9      | 9391 ||| INVOKING Heroism.
  9522 | D:9      | 9522 ||| INVOKING Heroism.
  9658 | D:9      | 9658 ||| INVOKING Heroism.
  9934 | D:9      | 9934 ||| DROPPING +2 robe of Xyhuhivy {Fly rC+ Int+3}.
  9935 | D:9      | 9935 ||| READING 4 scrolls of identify.
  9935 | D:9      | 9935 ||| IDENTIFYING fuming amethyst potion
  9936 | D:9      | 9936 ||| READING 3 scrolls of identify.
  9936 | D:9      | 9936 ||| IDENTIFYING ruby potion
  9937 | D:9      | 9937 ||| DROPPING potion of ambrosia.
  9968 | D:10     | Entered Level 10 of the Dungeon
  9969 | D:10     | 9969 ||| Stepping randomly (disturbance).
  9970 | D:10     | 9970 ||| Stepping randomly (disturbance).
  9981 | D:10     | Killed an unseen horror
 10044 | D:10     | Noticed a kobold demonologist
 10046 | D:10     | 10046 ||| Stepping ~*~*~tactically~*~*~ (stealth).
 10048 | D:10     | 10048 ||| Stepping ~*~*~tactically~*~*~ (stealth).
 10050 | D:10     | 10050 ||| Stepping ~*~*~tactically~*~*~ (stealth).
 10051 | D:10     | 10051 ||| INVOKING Heroism.
 10054 | D:10     | Killed a kobold demonologist
 10069 | D:10     | Reached ***** piety under Okawaru
 10073 | D:10     | Reached XP level 11. HP: 57/68 MP: 14/16
 10201 | D:10     | 10201 ||| READING scroll of brand weapon.
 10201 | D:10     | 10201 ||| BRANDING +1 war axe of freezing.
 10210 | D:10     | 10210 ||| INVOKING Heroism.
 10348 | D:10     | Noticed a manticore
 10349 | D:10     | 10349 ||| INVOKING Heroism.
 10353 | D:10     | Killed a manticore
 10449 | D:10     | Noticed a sun demon
 10452 | D:10     | 10452 ||| INVOKING Heroism.
 10454 | D:10     | 10454 ||| Stepping ~*~*~tactically~*~*~ (hiding).
 10456 | D:10     | Received a gift from Okawaru
 10457 | D:10     | Reached skill level 11 in Axes
 10488 | D:10     | 10488 ||| Stepping ~*~*~tactically~*~*~ (hiding).
 10500 | D:10     | 10500 ||| Stepping ~*~*~tactically~*~*~ (hiding).
 10501 | D:10     | 10501 ||| Stepping ~*~*~tactically~*~*~ (hiding).
 10620 | D:10     | 10620 ||| INVOKING Heroism.
 10685 | D:10     | 10685 ||| Stepping ~*~*~tactically~*~*~ (stealth).
 10710 | D:10     | 10710 ||| INVOKING Heroism.
 10819 | D:10     | 10819 ||| Stepping ~*~*~tactically~*~*~ (stealth).
 10859 | D:10     | 10859 ||| Stepping ~*~*~tactically~*~*~ (stealth).
 11056 | D:10     | Noticed a two-headed ogre
 11057 | D:10     | 11057 ||| Stepping ~*~*~tactically~*~*~ (stealth).
 11062 | D:10     | Noticed a boulder beetle
 11062 | D:10     | Noticed an orc knight
 11062 | D:10     | Noticed a seven-headed hydra
 11062 | D:10     | Noticed a manticore
 11062 | D:10     | Noticed a tengu warrior
 11063 | D:10     | 11063 ||| Stepping ~*~*~tactically~*~*~ (stealth).
 11064 | D:10     | 11064 ||| INVOKING Heroism.
 11065 | D:10     | Noticed a centaur warrior
 11066 | D:10     | 11066 ||| SWAPPING to +10 flail of Waappuw {holy, SInv}.
 11067 | D:10     | 11067 ||| SWAPPING to +1 vorpal war axe.
 11068 | D:10     | 11068 ||| INVOKING Finesse.
 11069 | D:10     | 11069 ||| SWAPPING to +10 flail of Waappuw {holy, SInv}.
 11070 | D:10     | 11070 ||| SWAPPING to +1 vorpal war axe.
 11072 | D:10     | 11072 ||| SWAPPING to +10 flail of Waappuw {holy, SInv}.
 11076 | D:10     | Killed a manticore
 11083 | D:10     | Killed a seven-headed hydra
 11084 | D:10     | Reached skill level 9 in Invocations
 11084 | D:10     | 11084 ||| SWAPPING to +1 vorpal war axe.
 11096 | D:10     | Killed an orc knight
 11097 | D:10     | Reached skill level 9 in Fighting
 11103 | D:10     | HP: 9/71 [boulder beetle (12)]
 11104 | D:10     | 11104 ||| READING 3 scrolls of teleportation.
 11104 | D:10     | HP: 2/71 [centaur warrior (7)]
 11104 | D:10     | Mangled by a tengu warrior

Levels and vault maps discovered:
D:1:      kilobyte_arrival_exit_the_forest, layout_rooms,
          shapermc_ecumenical_altar_pompeii, serial_shops, nicolae_square_shop,
          minmay_misc_feat_hallway
D:2:      layout_loops_ring, serial_bayou, serial_bayou_lake_a,
          serial_bayou_ford_a, serial_bayou_shore_b, serial_bayou_crossing,
          uniq_terence
D:3:      layout_basic, lemuel_crystal_altar, kennysheep_jessica_study,
          uniq_sigmund
D:4:      layout_rooms, lemuel_round_altar, minmay_temple_entry_proselytizer,
          chequers_arboretum, chequers_serial_rivers_room_a, st_stairs_13,
          hex_intersection
D:5:      layout_basic
D:6:      layout_basic, chequers_temple_overflow_minitemple,
          hangedman_decor_opposing, uniq_duvessa, uniq_menkaure, uniq_maggie
D:7:      layout_layer_cave, chequers_serial_rivers_micro_b
D:8:      layout_rooms, nicolae_diode_intersection, uniq_grum, uniq_gastronok,
          uniq_amaemon
D:9:      layout_basic, enter_bailey_4, nicolae_lava_and_water,
          nicolae_diode_basic
D:10:     minmay_the_grid_octo_2x2 [minmay_the_grid_octo_fan_narrow,
          minmay_the_grid_octo_checkered, minmay_the_grid_octo_thin_diamonds,
          minmay_the_grid_octo_prize_big_c], layout_long_grid, serial_shops,
          nicolae_shop_waterfront
Temple:   bh_familiar_temple

Skill      XL: |  1  2  3  4  5  6  7  8  9 10 11 |
---------------+----------------------------------+-----
Axes           | 2 3 5 6 7 8 10 11 | 11.0
Fighting       | 4 5 7 8 9 |  9.1
Armour         | 4 6 7 |  7.0
Throwing       | 1 |  1.2
Invocations    | 4 7 9 |  9.2
Dodging        | 1 |  1.0
Shields        | 4 5 |  5.0

Action                   |  1- 3 |  4- 6 |  7- 9 | 10-12 || total
-------------------------+-------+-------+-------+-------++-------
Melee: War axe           |   104 |   123 |   244 |   217 ||   688
       Flail             |       |       |       |    11 ||    11
Throw: Boomerang         |       |    27 |    48 |    10 ||    85
Invok: Heroism           |       |       |    12 |    14 ||    26
       Finesse           |       |       |       |     1 ||     1
  Use: Scroll            |     2 |     6 |     8 |     5 ||    21
       Potion            |     2 |     1 |     4 |     2 ||     9
Armor: Scale mail        |    53 |    21 |       |       ||    74
       Chain mail        |       |    60 |   163 |   145 ||   368
       Robe              |       |     3 |       |       ||     3
Dodge: Dodged            |    54 |    41 |    73 |    95 ||   263
Block: Buckler           |    17 |    16 |    51 |    55 ||   139

Table legend:
 A = Non-vault XP
 B = Vault XP
 C = Vault XP percentage of total XP
 D = Non-vault monster count
 E = Vault monster count
 F = Vault count percentage of total count
                 A         B        C        D         E       F
            +---------+---------+-------+---------+---------+-------
      Total |    7189 |    7111 |  49.7 |     205 |      34 |  14.2
            +---------+---------+-------+---------+---------+-------
        D:1 |      27 |       0 |   0.0 |      16 |       0 |   0.0
        D:2 |      93 |      36 |  27.9 |      19 |       1 |   5.0
        D:3 |      55 |     253 |  82.1 |      23 |       3 |  11.5
        D:4 |     195 |      47 |  19.4 |      21 |       4 |  16.0
        D:5 |     944 |       0 |   0.0 |      25 |       0 |   0.0
        D:6 |     546 |     790 |  59.1 |      25 |       4 |  13.8
        D:7 |    1157 |       0 |   0.0 |      27 |       0 |   0.0
        D:8 |     835 |    2098 |  71.5 |      16 |       6 |  27.3
        D:9 |    1005 |      10 |   1.0 |      12 |       5 |  29.4
       D:10 |    2332 |    3877 |  62.4 |      21 |      11 |  34.4
            +---------+---------+-------+---------+---------+-------
